 Dungeon Crawl Stone Soup version 0.29-a0-993-g4a18f31a58 (webtiles) character file.

Game seed: 17548294037502265958

88 kae the Insei (level 4, -2/35 HPs)
             Began as a Demonspawn Monk on Aug 2, 2022.
             Slain by a black bear (7 damage)
             ... on level 3 of the Dungeon.
             The game lasted 00:01:08 (2154 turns).

kae the Insei (Demonspawn Monk)                     Turns: 2154, Time: 00:01:09

Health: -2/35      AC:  2    Str: 12    XL:     4   Next: 29%
Magic:  4/4        EV: 13    Int: 11    God:
Gold:   138        SH:  0    Dex: 17    Spells: 3/3 levels left

rFire   . . .      SeeInvis +   q - +6 mace of Ynnacw {flame, *Noise rElec rC++ SInv}
rCold   + + .      Faith    .   (no shield)
rNeg    + . .      Spirit   .   a - +0 robe
rPois   .          Reflect  .   (no helmet)
rElec   +          Harm     .   (no cloak)
rCorr   .          Rampage  .   (no gloves)
Will    .....                   (no boots)
Stlth   ++........              (no amulet)
HPRegen 0.11/turn               N - ring of positive energy
MPRegen 0.09/turn               v - ring of see invisible

@: no status effects
A: powered by pain 1, sturdy frame 1, demonic touch 1
a: no special abilities


You were on level 3 of the Dungeon.
You visited 1 branch of the dungeon, and saw 3 of its levels.

You collected 138 gold pieces.


Innate Abilities, Weirdness & Mutations

You sometimes gain a little power by taking damage.
Your movements are slightly less encumbered by armour. (ER -2)
Your touch may inflict minor irresistible damage on your foes.


   Skills:
 - Level 3.0 Fighting
 - Level 2.6 Dodging
 - Level 1.7 Stealth
 + Level 4.7 Unarmed Combat


You had 3 spell levels left.
You didn't know any spells.
Your spell library contained the following spells:

 Spells                   Type           Power      Damage    Failure   Level
 Shock                    Conj/Air       0%         1d3       34%         1
 Swiftness                Air            0%         N/A       71%         3
 Airstrike                Air            0%         2d(0-16)  98%         4

Inventory:

Hand Weapons
 d - a +0 short sword of speed
   (You took it off a kobold on level 1 of the Dungeon)
 q - the +6 mace of Ynnacw (weapon) {flame, *Noise rElec rC++ SInv}
   (You found it on level 2 of the Dungeon)

   It burns those it strikes, dealing additional fire damage.
   rC:        It greatly protects you from cold.
   rElec:     It insulates you from electricity.
   SInv:      It lets you see invisible.
   *Noise:    It may make noises in combat.
Missiles
 g - 21 stones (quivered)
 i - 3 boomerangs
 p - 4 poisoned darts
Armour
 a - a +0 robe (worn)
Jewellery
 v - a ring of see invisible (right hand)
   (You found it on level 2 of the Dungeon)
 w - an amulet of reflection
   (You found it on level 3 of the Dungeon)
 N - a ring of positive energy (left hand)
   (You found it on level 2 of the Dungeon)
Scrolls
 h - a scroll of fog {unknown}
 j - a scroll of teleportation {unknown}
 k - a scroll of poison {unknown}
 l - a scroll of fear {unknown}
 n - a scroll of identify {unknown}
 r - a scroll of vulnerability {unknown}
 s - a scroll of noise {unknown}
Potions
 b - a potion of ambrosia
 c - a potion of might {unknown}
 e - 3 potions of heal wounds {unknown}
 f - a potion of degeneration {unknown}
 m - 2 potions of flight {unknown}
 o - 2 potions of lignification {unknown}
 t - a potion of haste {unknown}
 u - a potion of curing {unknown}

Dungeon Overview and Level Annotations

Branches:
Dungeon (3/15) Zot: 15857

Altars:

Annotations:
D:2 1 runed translucent door, Crazy Yiuf

.... .. #...# .......
#...# .. ...... #...#
###.# ..#.#
#...#######.... .... ##
##...##......#.# ..# r..
...........#.#.##h##....
.............#..@.......
..^........#.#..........
##...##.#.##.#....###...
#...##.........?.# #
#...##.####.#.####
#...##.# #.#.# #...##..
..#.. #...#### #######
##...


You could see a black bear (berserk).


Message History

You take 3 damage, and now have 11/35 hp.
You thump the adder! You burn the adder.
You kill the adder!
You feel sick. 😨 HP[-2]
You take 2 damage, and now have 9/35 hp.
Unknown command.
You feel sick.
You see here an adder corpse. 😱 HP[-1]
You take 1 damage, and now have 8/35 hp.
You feel sick.
Unknown command. 😱 HP[-1]
You take 1 damage, and now have 7/35 hp.
You start resting.
You feel sick. x2
You are no longer poisoned. 😱 HP[-1]
You take 1 damage, and now have 6/35 hp.
You are too injured to fight recklessly!
You are too injured to fight recklessly!
Key pressed, stopping explore.
Key pressed, stopping explore.
No target in view!
No target in view! 😕 HP[+21]
You regained 21 hp, and now have 27/35 hp.
You see here an adder corpse.
You see here an adder skeleton.
Key pressed, stopping explore.
No target in view!
No target in view! 😕 HP[+4]
You regained 4 hp, and now have 31/35 hp.
There is an open door here.
There is an open door here.
Key pressed, stopping explore.
No target in view!
No target in view! 😎 HP[+4]
Your hp is fully restored (35).
Crazy Yiuf shouts!
No reachable target in view!
No reachable target in view!
Could not explore, unopened runed door.
No reachable target in view!
No reachable target in view!
Could not explore, unopened runed door.
Could not explore, unopened runed door.
No reachable target in view!
No reachable target in view!
Unknown command.
Okay, then.
N - a ring of positive energy (left hand)
v - a ring of see invisible (right hand)
(D) Dungeon
Where to? (Enter - D:2, ? - help) Crazy Yiuf whimpers, "Liver!"
There is a stone staircase leading down here.
You climb downwards.
There is a stone staircase leading up here.
Okay, then.
u - an emerald potion No target in view!
No target in view!
w - an amulet of reflection No target in view!
No target in view!
A quokka comes into view.
A black bear comes into view.
There are monsters nearby!
The black bear barely misses you.
The black bear claws you but does no damage. x2
You hit the black bear. You burn the black bear. The black bear bites you!
The black bear claws you. x2 😮 HP[-16]
You take 16 damage, and now have 19/35 hp.
MASSIVE DAMAGE!! (PAUSE)
You are too injured to fight recklessly!
You are too injured to fight recklessly!
You are too injured to fight recklessly!
You are too injured to fight recklessly!
You closely miss the black bear.
You touch the black bear!
The black bear barely misses you. The black bear misses you.
The black bear claws you but does no damage.
You hit the black bear. You burn the black bear.
The black bear closely misses you. The black bear claws you.
The black bear claws you but does no damage.
The black bear goes berserk! 😮 HP[-1]
You take 1 damage, and now have 18/35 hp.
You hit the black bear. You burn the black bear.
The black bear barely misses you. The black bear claws you.
* * * LOW HITPOINT WARNING * * *
The black bear claws you.
* * * LOW HITPOINT WARNING * * *
The black bear barely misses you. The black bear claws you.
* * * LOW HITPOINT WARNING * * *
The black bear claws you!
You die...

Skill      XL: |  1  2  3 |
---------------+----------+-----
Unarmed Combat | 3 4 |  4.7
Fighting       | |  3.0
Dodging        | |  2.6
Stealth        | |  1.7

Action                   |  1- 3 |  4- 6 || total
-------------------------+-------+-------++-------
Melee: Unarmed           |    18 |       ||    18
       Short sword       |    65 |       ||    65
       Touch             |    14 |     1 ||    15
       Mace              |     8 |    12 ||    20
 Stab: Sleeping          |     4 |       ||     4
Armor: Robe              |    12 |     4 ||    16
Dodge: Dodged            |    49 |    14 ||    63

Levels and vault maps discovered:
D:1:      ebering_hopf_link, layout_loops_ring
D:2:      layout_basic, hellmonk_ecumenical_altar_arch_garden,
          uniq_crazy_yiuf_cottage
D:3:      layout_loops_cross, mainiacjoe_overflow_24_doors

Notes
Turn   | Place    | Note
-------+----------+-------------------------------------------
     0 | D:1      | kae the Demonspawn Monk began the quest for the Orb.
     0 | D:1      | Reached XP level 1. HP: 18/18 MP: 1/1
     0 | D:1      | magus.rc [v1.11.3]
    43 | D:1      | Reached skill level 3 in Unarmed Combat
   200 | D:1      | You pick up a book of Air and begin reading...
   200 | D:1      | You add the spells Shock, Swiftness and Airstrike to your
                  | library.
   278 | D:1      | Gained mutation: Your touch may inflict minor irresistible
                  | damage on your foes. [demonic ancestry]
   278 | D:1      | Reached XP level 2. HP: 24/24 MP: 2/2
   481 | D:1      | Gained mutation: You sometimes gain a little power by
                  | taking damage. [demonic ancestry]
   481 | D:1      | Reached XP level 3. HP: 18/29 MP: 3/3
   650 | D:1      | Reached skill level 4 in Unarmed Combat
  1163 | D:2      | Found a faded altar of an unknown god.
  1165 | D:2      | Identified the +6 mace of Ynnacw {flame, *Noise rElec rC++
                  | SInv}
  1557 | D:2      | Gained mutation: Your movements are slightly less
                  | encumbered by armour. (ER -2) [demonic ancestry]
  1557 | D:2      | Reached XP level 4. HP: 35/35 MP: 4/4
  1778 | D:2      | HP: 8/35 [poisoned by an adder]
  2093 | D:2      | Found a runed translucent door.
  2094 | D:2      | Noticed Crazy Yiuf
  2148 | D:3      | Noticed a black bear
  2154 | D:3      | HP: 7/35 [black bear (6)]
  2154 | D:3      | Slain by a black bear

Vanquished Creatures
  3 adders (D:2)
  A gnoll (D:1)
  A worm (D:2)
  3 dart slugs (D:1)
  3 bats
  2 endoplasms (D:2)
  2 giant cockroaches (D:2)
  3 goblins
  3 hobgoblins
  3 jackals (D:1)
  2 quokkas (D:1)
  4 ball pythons
  3 frilled lizards
  5 kobolds
  4 rats (D:1)
42 creatures vanquished.

Table legend:
 A = Non-vault XP
 B = Vault XP
 C = Vault XP percentage of total XP
 D = Non-vault monster count
 E = Vault monster count
 F = Vault count percentage of total count
                 A         B        C        D         E       F
            +---------+---------+-------+---------+---------+-------
      Total |     126 |       0 |   0.0 |      42 |       0 |   0.0
            +---------+---------+-------+---------+---------+-------
        D:1 |      56 |       0 |   0.0 |      23 |       0 |   0.0
        D:2 |      70 |       0 |   0.0 |      19 |       0 |   0.0
            +---------+---------+-------+---------+---------+-------

Illustrated notes

Table legend:
 A = Kills in this place as a percentage of kills in entire the game.
 B = Kills by you in this place as a percentage of kills by you in the entire game.
 C = Kills by friends in this place as a percentage of kills by friends in the entire game.
 D = Other kills in this place as a percentage of other kills in the entire game.
 E = Experience gained in this place as a percentage of experience gained in the entire game.
 F = Experience gained in this place divided by the number of levels of this place that you have seen.
                   A       B       C       D       E      F
               +-------+-------+-------+-------+-------+----------------------
         Total | 100.0 | 100.0 |   N/A |   N/A | 100.0 |  42.0
       Dungeon | 100.0 | 100.0 |   N/A |   N/A | 100.0 |  42.0
               +-------+-------+-------+-------+-------+----------------------

Table legend: (Time is in decaauts)
 A = Elapsed time spent in this place.
 B = Non-inter-level travel time spent in this place.
 C = Inter-level travel time spent in this place.
 D = Time resting spent in this place.
 E = Time spent auto-exploring this place.
 F = Levels seen in this place.
 G = Mean time per level.
                   A        B        C        D        E       F      G
               +--------+--------+--------+--------+--------+-----+--------+
         Total |   2141 |   2085 |     56 |      2 |   1780 |   3 |  713.7 |
       Dungeon |   2141 |   2085 |     56 |      2 |   1780 |   3 |  713.7 |
               +--------+--------+--------+--------+--------+-----+--------+

Top non-repeatable levels by time:
     D:2: 1126 daAuts
     D:1: 982 daAuts
     D:3: 32 daAuts
